Map: Snowbound Colony

Players

JSJSJS

  • Race: Protoss Protoss
  • Spawn Location: 7:00

Smileblind

  • Race: Protoss Protoss
  • League: Silver
  • Spawn Location: 7:00

ikennyng

  • Race: Protoss Protoss
  • League: Bronze
  • Spawn Location: 6:00

Octopus

  • Race: Terran Terran
  • Spawn Location: 1:00

liem

  • Race: Terran Terran
  • Spawn Location: 1:00

Chris

  • Race: Protoss Protoss
  • Spawn Location: 12:00

VOD

Have the link to the VOD?

Description

Time

  • Played on: Feb. 4, 2019, 10:22 p.m.
  • Length: 11:37
Show
View Real Time Build Order
Export as new Build Order

JSJSJS Protoss 

Build Orders:  

Get SALT Encoding   

  12  0:01  Probe  
  13  0:14  Pylon  
  13  0:26  Probe  
  14  0:32  Forge  
  14  1:00  Pylon  
  14  1:08  Probe  
  14  1:09  Photon Cannon  
  14  1:16  Probe  
  16  1:26  Gateway, Probe  
  17  1:38  Probe  
  18  1:50  Gateway x2  
  18  2:02  Assimilator  
  18  2:07  Zealot  
  20  2:28  Zealot  
  20  2:32  Zealot  
  24  2:37  Zealot  
  26  2:54  Zealot  
  28  2:59  Zealot  
  30  3:29  Zealot  
  30  3:31  Zealot  
  30  3:34  Zealot  
  28  3:58  Zealot  
  28  4:08  Zealot  
  28  4:12  Photon Cannon  
  28  4:16  Photon Cannon  
  30  4:47  Gateway  
  30  4:53  Photon Cannon x2  
  30  4:58  Photon Cannon  
  30  5:15  Zealot  
  30  5:24  Photon Cannon  
  30  5:25  Pylon  
  30  5:28  Gateway  
  30  5:30  Photon Cannon  
  30  5:36  Zealot  
  30  5:43  Zealot x3  
  30  6:03  Zealot  
  28  6:07  Cybernetics Core  
  28  6:10  Zealot x2  
  30  6:24  Photon Cannon, Pylon  
  28  6:30  Zealot  
  30  6:39  Cybernetics Core  
  30  6:52  Zealot  
  28  6:57  Stalker  
  28  6:59  Warp Gate  
  30  7:14  Zealot  
  32  7:26  Stalker  
  34  8:09  Assimilator, Probe  
  34  8:21  Probe  
  33  8:33  Probe  
  28  8:45  Probe  
  21  8:48  Stalker  
  21  8:49  Stalker  
  23  8:57  Probe  
  24  9:09  Probe  
  23  9:12  Stalker  
  23  9:13  Stalker  
  27  9:20  Twilight Council  
  27  9:21  Probe  
  28  9:41  Stalker  
  28  9:42  Stalker  
  31  10:08  Nexus  
  31  10:11  Assimilator  
  31  10:16  Assimilator  
  31  10:25  Pylon  
  31  10:39  Pylon  
  31  10:44  Stalker x2  
  35  10:55  Gateway x2  
  21  11:17  Stalker x2  
Show
View Real Time Build Order
Export as new Build Order

Smileblind Protoss 

Build Orders:  

Get SALT Encoding   

  12  0:02  Probe  
  13  0:14  Probe  
  13  0:21  Pylon  
  14  0:26  Probe  
  15  0:39  Probe  
  16  0:48  Forge  
  16  0:51  Probe  
  17  1:02  Gateway  
  17  1:03  Probe  
  18  1:15  Probe  
  19  1:27  Probe  
  19  1:29  Assimilator  
  20  1:43  Pylon  
  20  2:04  Pylon  
  20  2:08  Photon Cannon  
  19  2:25  Photon Cannon  
  19  2:31  Probe  
  19  2:34  Zealot  
  22  2:43  Probe  
  23  2:46  Cybernetics Core  
  23  2:48  Pylon  
  23  3:01  Zealot  
  23  3:02  Photon Cannon  
  25  3:09  Pylon  
  25  3:13  Warp Gate  
  25  3:24  Assimilator  
  25  3:35  Twilight Council  
  25  3:52  Photon Cannon  
  25  3:58  Pylon  
  25  4:00  Shield Battery  
  25  4:02  Shield Battery  
  23  4:03  Shield Battery  
  23  4:29  Probe  
  22  4:36  Photon Cannon  
  21  4:43  Gateway  
  1  9:08  Pylon  
  1  9:33  Nexus  
Show
View Real Time Build Order
Export as new Build Order

ikennyng Protoss 

Build Orders:  

Get SALT Encoding   

  12  0:15  Probe  
  13  0:23  Probe  
  13  0:25  Pylon  
  14  0:47  Forge  
  14  1:13  Assimilator  
  14  1:17  Pylon  
  14  1:21  Pylon  
  14  1:25  Pylon  
  13  1:35  Probe  
  14  1:43  Probe  
  15  2:12  Pylon  
  15  2:19  Photon Cannon  
  15  2:20  Photon Cannon  
  15  2:23  Pylon  
  15  2:25  Photon Cannon  
  14  2:32  Photon Cannon  
  14  2:39  Pylon  
  14  2:56  Photon Cannon  
  14  3:00  Pylon  
  14  3:06  Pylon  
  1  10:30  Pylon  
Show
View Real Time Build Order
Export as new Build Order

Octopus Terran 

Build Orders:  

Get SALT Encoding   

  12  0:02  SCV  
  13  0:16  Supply Depot  
  13  0:28  SCV  
  14  0:40  SCV  
  15  0:52  SCV  
  16  1:00  Barracks  
  16  1:02  Barracks  
  16  1:12  Supply Depot  
  16  1:16  Refinery  
  16  1:22  Refinery  
  16  1:44  SCV  
  17  1:49  Marine x2  
  19  1:56  SCV  
  20  2:06  Marine  
  20  2:07  Marine  
  20  2:08  SCV  
  23  2:09  Supply Depot  
  23  2:20  SCV  
  24  2:24  Marine x2  
  26  2:40  Factory  
  26  2:42  Marine  
  27  2:47  Marine  
  28  3:00  Marine  
  28  3:05  Marine  
  30  3:18  Marine  
  29  3:23  Marine  
  29  3:24  Factory Tech Lab  
  28  3:35  Marine  
  28  3:41  SCV, Marine  
  27  3:53  SCV, Marine  
  29  3:59  Marine  
  26  4:06  SCV  
  27  4:11  Marine  
  27  4:15  Siege Tank  
  27  4:16  Marine  
  32  4:29  Marine  
  33  4:34  Marine  
  34  4:47  Marine  
  34  4:52  Marine  
  39  5:02  Engineering Bay  
  39  5:09  Marine  
  39  5:10  Marine  
  39  5:11  Barracks  
  33  5:27  Marine  
  33  5:28  Marine  
  33  5:44  Marine  
  33  5:45  Marine  
  35  6:02  Marine  
  35  6:03  Marine  
  34  6:20  Marine  
  34  6:21  Marine  
  35  6:38  Marine  
  35  6:39  Marine  
  35  6:56  Marine  
  19  8:09  SCV  
  20  8:19  Refinery  
  20  8:22  SCV  
  21  8:34  SCV  
  22  8:46  SCV, Factory Tech Lab  
  23  8:53  Starport  
  23  9:32  Command Center  
  23  10:01  Starport Tech Lab  
  23  10:03  Starport  
  22  10:13  Siege Tank  
  22  10:45  Banshee  
  25  10:56  Starport  
  25  11:02  SCV  
  26  11:08  Starport Tech Lab  
  26  11:14  SCV  
Show
View Real Time Build Order
Export as new Build Order

liem Terran 

Build Orders:  

Get SALT Encoding   

  12  0:01  SCV  
  13  0:13  SCV  
  14  0:24  Supply Depot  
  14  0:25  SCV  
  15  0:32  Refinery  
  15  0:45  SCV  
  16  0:56  Barracks  
  16  1:06  SCV  
  17  1:12  Barracks  
  17  1:40  SCV  
  18  1:53  SCV  
  19  2:00  Marine x2  
  21  2:06  Barracks  
  21  2:17  Supply Depot  
  21  2:24  Marine  
  18  2:59  Marine  
  19  3:25  Marine x2  
  20  3:43  Marine x2  
  20  4:01  Marine x2  
  22  4:18  Marine  
  23  4:26  Supply Depot  
  23  4:35  Supply Depot  
  23  4:47  Marine  
  24  4:55  Supply Depot  
  24  4:57  Barracks Tech Lab  
  24  5:01  Marine  
  24  5:05  Marine  
  26  5:10  Refinery  
  26  5:19  Marine  
  27  5:23  Marine  
  28  5:37  Marine  
  28  5:41  Marine  
  26  5:55  Marine  
  22  6:15  Factory  
  23  6:25  SCV  
  23  6:37  Factory, SCV  
  24  6:50  SCV  
  24  7:19  Marine  
  24  7:20  Marine  
  26  7:37  Marine x2  
  26  7:40  Factory Tech Lab x2  
  26  7:43  Combat Shield  
  28  7:46  SCV  
  28  7:50  Refinery  
  28  7:55  Marine  
  29  7:58  SCV  
  29  7:59  Marine  
  31  8:10  SCV  
  32  8:13  Marine  
  32  8:17  Marine  
  34  8:23  SCV  
  33  8:52  Marine x2  
  33  9:10  Marine x2  
  35  9:20  Siege Tank x2  
  41  9:25  Orbital Command  
  41  9:33  Command Center  
  39  10:30  Starport  
  39  10:32  Engineering Bay  
  39  10:36  Engineering Bay  
  39  10:46  Refinery  
  39  10:48  Marine x2  
  41  11:05  Marine  
  41  11:06  Marine  
  43  11:12  Starport Tech Lab  
Show
View Real Time Build Order
Export as new Build Order

Chris Protoss 

Build Orders:  

Get SALT Encoding   

  12  0:01  Probe  
  13  0:13  Probe  
  14  0:21  Pylon  
  14  0:25  Probe  
  15  0:39  Probe  
  15  0:42  Gateway  
  16  0:51  Probe  
  17  0:59  Forge  
  17  1:06  Pylon  
  17  1:14  Probe  
  18  1:27  Assimilator  
  18  1:29  Zealot  
  20  1:38  Photon Cannon  
  20  1:41  Probe  
  21  1:50  Assimilator  
  21  1:55  Photon Cannon  
  21  1:58  Probe  
  22  2:03  Zealot  
  24  2:11  Photon Cannon  
  24  2:26  Pylon  
  24  2:31  Zealot  
  26  2:40  Cybernetics Core  
  26  3:09  Photon Cannon  
  24  3:20  Photon Cannon  
  24  3:30  Photon Cannon  
  20  3:52  Pylon  
  20  3:56  Stargate  
  20  4:25  Photon Cannon  
  20  4:39  Void Ray  
  20  4:42  Pylon  
  24  5:03  Stargate  
  24  5:15  Zealot  
  26  5:33  Void Ray  
  30  6:23  Void Ray  
  32  6:47  Probe  
  33  6:55  Probe  
  34  7:05  Probe  
  35  7:10  Void Ray  
  39  7:17  Probe  
  40  7:34  Void Ray  
  44  7:44  Nexus  
  44  7:51  Assimilator  
  44  7:56  Assimilator  
  44  8:09  Pylon  
  44  8:12  Void Ray  
  48  8:26  Nexus  
  48  8:32  Pylon  
  48  8:35  Probe  
  49  8:42  Void Ray  
  49  8:43  Probe  
  54  8:52  Probe  
  54  8:53  Photon Cannon  
  55  8:59  Probe  
  56  9:03  Photon Cannon  
  56  9:05  Probe  
  57  9:10  Probe  
  57  9:17  Probe  
  59  9:18  Probe  
  60  9:26  Probe  
  60  9:29  Void Ray  
  60  9:30  Void Ray  
  69  9:34  Pylon  
  69  9:37  Probe  
  70  9:50  Probe  
  71  9:59  Fleet Beacon  
  71  10:02  Stargate  
  71  10:06  Probe  
  72  10:13  Assimilator  
  72  10:14  Probe  
  72  10:17  Assimilator  
  72  10:18  Probe  
  74  10:22  Probe, Void Ray  
  79  10:30  Probe  
  79  10:32  Stargate, Probe  
  81  10:42  Probe  
  81  10:44  Probe  
  83  10:55  Probe  
  83  10:56  Probe  
  100  11:31  Pylon  
Tags
 
Add a new tag
Caveats
  • Supply blocks, unpowered buildings, or Contaminate may cause inaccurate times.
  • Supply counts are checked every 10 seconds.